 Dungeon Crawl Stone Soup version 0.21.1-1-g345015fe64 (webtiles) character file.

47 DildoBatman the Sneak (level 3, -2/29 HPs)
             Began as a Formicid Enchanter on Feb 21, 2018.
             Slain by an adder (4 damage)
             ... on level 2 of the Dungeon.
             The game lasted 00:04:15 (1695 turns).

DildoBatman the Sneak (Formicid Enchanter)          Turns: 1695, Time: 00:04:15

Health: -2/29      AC:  5    Str: 13    XL:     3   Next: 97%
Magic:  2/6        EV: 11    Int: 14    God:
Gold:   13         SH:  0    Dex: 11    Spells: 2/6 levels left

rFire    . . .     SeeInvis +   a - +1 dagger
rCold    . . .     Gourm    .   (no shield)
rNeg     . . .     Faith    .   n - +0 ring mail
rPois    .         Spirit   .   (helmet unavailable)
rElec    .         Reflect  .   (no cloak)
rCorr    .         Harm     .   (no gloves)
MR       .....                  (no boots)
Stlth    ++........             (no amulet)
HPRegen  0.09/turn              (no ring)
MPRegen  0.10/turn              (no ring)

@: lethally poisoned (-2 -> -5), very slightly contaminated
A: permanent stasis, dig shafts and tunnels, four strong arms, antennae 3
a: Dig, Shaft Self


You were on level 2 of the Dungeon.
You were not hungry.

You visited 1 branch of the dungeon, and saw 2 of its levels.

You collected 13 gold pieces.

Inventory:

Hand Weapons
 a - a +1 dagger (weapon)
Armour
 n - a +0 ring mail (worn)
Scrolls
 h - a scroll of teleportation {unknown}
 k - a scroll of fog {unknown}
 l - a scroll of blinking {unknown}
 m - a scroll of identify {unknown}
Potions
 d - a potion of might {unknown}
 e - a potion of heal wounds {unknown}
 f - 2 potions of magic {unknown}
 g - a potion of haste {unknown}
Books
 c - a book of Maledictions

   Spells                             Type                      Level
   a - Corona                         Hexes                        1
   b - Ensorcelled Hibernation        Hexes/Ice                    2
   c - Confuse                        Hexes                        3
   d - Tukima's Dance                 Hexes                        3
   e - Dazzling Spray                 Conjuration/Hexes            3
Comestibles
 i - 4 chunks of flesh
 v - 6 rations


   Skills:
 - Level 3.0 Fighting
 - Level 1.0 Short Blades
 * Level 0.7 Armour
 - Level 2.0 Dodging
 * Level 3.9 Stealth
 - Level 2.1 Spellcasting
 - Level 3.6 Hexes


You had 2 spell levels left.
You knew the following spells:

 Your Spells              Type           Power        Failure   Level  Hunger
a - Corona                Hex            ##.....      11%         1    #......
b - Confuse               Hex            ##......     32%         3    ###....


Dungeon Overview and Level Annotations

Branches:
Dungeon (2/15)

Altars:

Annotations:
D:2 exclusions: adder and 1 more exclusion


Innate Abilities, Weirdness & Mutations

You cannot be hasted, slowed, berserked, paralysed or teleported.
You can dig through walls and to a lower floor.
Your four strong arms can wield two-handed weapons with a shield.
You have a pair of large antennae on your head. (SInv)


Message History

Aim: an adder (almost dead, chance to defeat MR: 55%)
The adder struggles to resist.
The adder bites you.
You closely miss the adder.
The adder is almost dead.
The adder barely misses you.
Casting: Corona
Confirm with . or Enter, or press ? or * to list all spells.
Aiming: Corona
Press: ? - help, Shift-Dir - straight line, f/p - adder
Aim: an adder (almost dead, chance to defeat MR: 55%)
You miscast Corona.
You are very lightly contaminated with residual magic.
You feel off-balance for a moment.
You feel sick. The adder bites you.
You barely miss the adder.
The adder is almost dead.
The adder bites you.
You die...

#. #.#####........#.... ..
.....................
..#.####................#..
>...............(.......# .
#.?...#######.#..#.....
##.#######)#..# . .
#...†{...#[#..#
#..#S###.#[#..#
#..##@##.#.#...
#..#####.#.##.##
#..#<....#.##..
#.##..###....(####
#.............#
#########....## ######


You could see an adder.

Vanquished Creatures
  An adder (D:2)
  A dart slug (D:2)
  2 leopard geckos (D:1)
  A ball python (D:1)
  A giant cockroach (D:1)
  A goblin (D:1)
  8 hobgoblins
  5 jackals
  4 bats (D:1)
  2 frilled lizards (D:1)
  4 kobolds
  A rat (D:1)
31 creatures vanquished.

Notes
Turn   | Place    | Note
-------+----------+-------------------------------------------
     0 | D:1      | DildoBatman the Formicid Enchanter began the quest for the Orb.
     0 | D:1      | Reached XP level 1. HP: 13/13 MP: 3/3
   356 | D:1      | Reached skill level 1 in Fighting
   407 | D:1      | Reached XP level 2. HP: 15/21 MP: 1/5
   988 | D:1      | Reached XP level 3. HP: 28/28 MP: 6/6
   993 | D:1      | Learned a level 3 spell: Confuse
  1695 | D:2      | Slain by an adder

Skill      XL: |  1  2  3 |
---------------+----------+-----
Fighting       | 1 2 3 |  3.0
Dodging        | 2 |  2.0
Short Blades   | |  1.0
Armour         | |  0.7
Stealth        | |  3.9
Spellcasting   | |  2.1
Hexes          | |  3.6

Action                   || total
-------------------------++-------
Melee: Dagger            ||   138
 Cast: Corona            ||    34
 Abil: Dig               ||     2
 Stab: Sleeping          ||     7
  Eat: Chunk             ||     3
Armor: Robe              ||    27
       Ring mail         ||    17
Dodge: Dodged            ||    82
